 Dungeon Crawl Stone Soup version 0.27.1-33-g824d729ab1 (webtiles) character file.

Game seed: 9014834803703390610

51 zeram the Caller (level 3, -1/31 HPs)
             Began as a Troll Summoner on Dec 8, 2021.
             Slain by an orc wizard (4 damage)
             ... on level 2 of the Dungeon on Dec 10, 2021.
             The game lasted 00:03:08 (1464 turns).

zeram the Caller (Troll Summoner)                   Turns: 1464, Time: 00:03:09

Health: -1/31      AC:  4    Str: 16    XL:     3   Next: 57%
Magic:  3/3        EV: 10    Int: 12    God:
Gold:   73         SH:  0    Dex: 10    Spells: 3/4 levels left

rFire    . . .     SeeInvis .   e - +0 whip
rCold    . . .     Faith    .   (no shield)
rNeg     . . .     Spirit   .   a - +0 robe
rPois    .         Reflect  .   (helmet restricted)
rElec    .         Harm     .   (no cloak)
rCorr    .         Rampage  .   (gloves unavailable)
Will     .....                  (boots unavailable)
Stlth    +.........             (no amulet)
HPRegen  1.10/turn              (no ring)
MPRegen  0.08/turn              (no ring)

@: no status effects
A: large, unfitting armour, claws 3, regeneration 1, shaggy fur 1, tough skin 1
a: no special abilities


You were on level 2 of the Dungeon.
You visited 1 branch of the dungeon, and saw 3 of its levels.

You collected 73 gold pieces.

Inventory:

Hand Weapons
 b - a +0 club
 e - a +0 whip (weapon)
Armour
 a - a +0 robe (worn)
Wands
 j - a wand of acid (14)
Scrolls
 c - a scroll of teleportation {unknown}
 d - a scroll of silence
 f - a scroll of holy word {unknown}
 i - 2 scrolls of identify {unknown}
Potions
 g - a potion of curing {unknown}
 h - a potion of berserk rage {unknown}


   Skills:
 + Level 0.8 Maces & Flails
 * Level 2.4 Dodging
 - Level 1.0 Stealth
 - Level 1.2 Spellcasting
 + Level 3.4 Summonings


You had 3 spell levels left.
You knew the following spells:

 Your Spells              Type           Power      Damage    Failure   Level
a - Summon Small Mammal   Summ           32%        N/A       8%          1

Your spell library contained the following spells:

 Spells                   Type           Power      Damage    Failure   Level
 Call Imp                 Summ           8%         N/A       11%         2
 Call Canine Familiar     Summ           8%         N/A       22%         3
 Summon Guardian Golem    Hex/Summ       4%         N/A       41%         3
 Summon Lightning Spire   Summ/Air       4%         N/A       82%         4


Dungeon Overview and Level Annotations

Branches:
Dungeon (3/15)

Altars:

Shops:
D:1 (


Innate Abilities, Weirdness & Mutations

You are too large for most types of armour.
You have claws for hands.
Your natural rate of healing is unusually fast.
You are covered in fur. (AC +1)
You have tough skin. (AC +1)


Message History

You miss the orc wizard.
The kobold shouts!
The gnoll closely misses you. The orc closely misses you.
The orc wizard barely misses you. The gnoll hits you with a +0 club.
You hit the orc wizard.
The orc wizard is lightly wounded.
The gnoll hits you from afar with a +0 spear.
The orc closely misses you. The orc wizard casts a spell at you.
You resist with significant effort. The gnoll misses you.
You closely miss the orc wizard.
The orc wizard is lightly wounded.
The gnoll hits you from afar with a +0 spear.
* * * LOW HITPOINT WARNING * * *
The orc misses you.
The orc wizard hits you but does no damage.
The gnoll barely misses you.
The gnoll hits you from afar with a +0 spear.
* * * LOW HITPOINT WARNING * * *
The orc hits you but does no damage.
Unknown command.
You hear the sound of rushing water.
There is an entrance to a sewer on this level.
Hurry and find it before the portal rusts away!
Welcome back, zeram the Troll Summoner.
Press ? for a list of commands and other information.
The orc wizard hits you with a +0 dagger.
* * * LOW HITPOINT WARNING * * *
The gnoll barely misses you. x2; The orc hits you but does no damage.
You climb upwards.
There is a stone staircase leading down here.
You hit the gnoll but do no damage. The orc wizard barely misses you.
The gnoll hits you with a +0 club.
* * * LOW HITPOINT WARNING * * *
The orc hits you with a +0 dagger.
* * * LOW HITPOINT WARNING * * *
You hit the gnoll but do no damage. The orc wizard barely misses you.
The gnoll hits you but does no damage. The orc barely misses you.
You hit the gnoll but do no damage.
The orc wizard hits you with a +0 dagger.
You die...

#.............#...#.## #.##.#
##..........#..##...##### #.##.#
...<........#...........###.##.#
##.......#..................##.#
#.##...##.........####.######.##
#^###.....###.###.# #.# #... #.#
#.##### #.# #.# #.# ###. #.# #.#
#.###.####.########. #.# #.#
#..@)............... #.# #.#
###.ogo...##|########. #.# #.#
#.....#.#.##.#### #.
#.###.#####.....#.#.##....#####.
#.................#.............
#####.#####.....#########.######
#.# #.....# #.......
#.#######.### ########
#.........# #


You could see an orc wizard, a gnoll and an orc.

Vanquished Creatures
  2 orcs (D:2)
  2 ball pythons
  5 bats
  2 endoplasms
  3 giant cockroaches
  3 hobgoblins
  3 jackals (D:1)
  3 quokkas
  3 frilled lizards
  6 goblins (D:1)
  5 kobolds
  5 rats (D:1)
42 creatures vanquished.

Notes
Turn   | Place    | Note
-------+----------+-------------------------------------------
     0 | D:1      | zeram the Troll Summoner began the quest for the Orb.
     0 | D:1      | Reached XP level 1. HP: 16/16 MP: 1/1
    17 | D:1      | Reached skill level 3 in Summonings
    22 | D:1      | Found Licsaura's Weapon Emporium.
    85 | D:1      | Reached XP level 2. HP: 24/24 MP: 2/2
   243 | D:1      | Found a faded altar of an unknown god.
   442 | D:1      | Reached XP level 3. HP: 31/31 MP: 3/3
  1462 | D:2      | HP: 1/31 [orc (4)]
  1464 | D:2      | Slain by an orc wizard

Illustrated notes

Levels and vault maps discovered:
D:1:      doesnt_arrival_eight_statues, layout_basic, serial_shops, shop_statue,
          hellmonk_ecumenical_altar_run_dry, minmay_misc_feat_x
D:2:      layout_loops_ring
D:3:      layout_basic, cheibrodos_sewer_entry_drain

Skill      XL: |  1  2 |
---------------+-------+-----
Summonings     | 3 |  3.4
Dodging        | 2 |  2.4
Maces & Flails | |  0.8
Stealth        | |  1.0
Spellcasting   | |  1.2

Action                   || total
-------------------------++-------
Melee: Club              ||    64
       Unarmed           ||    14
       Whip              ||   108
  Use: Scroll            ||     1
 Stab: Sleeping          ||     2
Armor: Robe              ||    93
Dodge: Dodged            ||   129
